| TOP OF THE 1ST |
|
Reno Aces batting - Pitching for New Orleans Zephyrs : LHP Jeff Tavella
|
|
Pitching: LHP Jeff Tavella
|
|
|
Batting: RHB Dustin Clark
|
0-0: Called Strike 0-1: Ball 1-1: Ball 2-1: Ball 3-1: Base on Balls
|
|
Batting: RHB Yutaka Oki
|
0-0: Ball Wild Pitch! Dustin Clark to second 1-0: Swinging Strike 1-1: Ball 2-1: Ball 3-1: Called Strike 3-2: Strikes out swinging
|
|
Batting: RHB Justin Aslinger
|
0-0: Foul Ball, location: 2F 0-1: Foul Ball, location: 2F 0-2: Ball 1-2: Ball 2-2: Foul Ball, location: 2F 2-2: Ground out 5-3 (Groundball, 56, EV 79.4 MPH)
|
|
Batting: LHB Ian Jarvis
|
0-0: Called Strike 0-1: Foul Ball, location: 2F 0-2: Ball 1-2: Ball 2-2: Foul Ball, location: 2F 2-2: Ball 3-2: Ground out U3 (Groundball, 3L, EV 103.1 MPH)
|
| Top of the 1st over - 0 runs, 0 hits, 0 errors, 1 left on base; Reno 0 - New Orleans 0 |
| BOTTOM OF THE 1ST |
|
New Orleans Zephyrs batting - Pitching for Reno Aces : RHP Chad Pfeiffer
|
|
Pitching: RHP Chad Pfeiffer
|
|
|
Batting: RHB Boof Howell
|
0-0: Fly out, F8 (Flyball, 8RM, EV 76.2 MPH)
|
|
Batting: SHB Ramon Martinez
|
0-0: Called Strike 0-1: Ball 1-1: Ball 2-1: Reached on error, E6 (Flyball, 56D, EV 85.0 MPH)
|
|
Batting: RHB Manuel Taveras
|
0-0: Called Strike 0-1: Grounds into double play, 3-6-1 (Groundball, 23, EV 85.6 MPH)
|
| Bottom of the 1st over - 0 runs, 0 hits, 1 error, 0 left on base; Reno 0 - New Orleans 0 |
| TOP OF THE 2ND |
|
Reno Aces batting - Pitching for New Orleans Zephyrs : LHP Jeff Tavella
|
|
Batting: SHB Gerardo Flores
|
0-0: Ground out U3 (Groundball, 3, EV 85.0 MPH)
|
|
Batting: RHB Danny Gerardo
|
0-0: Swinging Strike 0-1: Ball 1-1: Swinging Strike 1-2: Ball 2-2: Ball 3-2: Strikes out swinging
|
|
Batting: LHB Soo-yeon Kym
|
0-0: Called Strike 0-1: Ball 1-1: Foul Ball, location: 2F 1-2: Strikes out swinging
|
| Top of the 2nd over - 0 runs, 0 hits, 0 errors, 0 left on base; Reno 0 - New Orleans 0 |
| BOTTOM OF THE 2ND |
|
New Orleans Zephyrs batting - Pitching for Reno Aces : RHP Chad Pfeiffer
|
|
Batting: RHB Rick Fell
|
0-0: Ball 1-0: Ball 2-0: Called Strike 2-1: Ball 3-1: Ground out 5-3 (Groundball, 5, EV 100.6 MPH)
|
|
Batting: RHB Isaiah Brockman
|
0-0: Ball 1-0: Called Strike 1-1: Ground out 4-3 (Groundball, 4M, EV 83.8 MPH)
|
|
Batting: LHB David Doge
|
0-0: Ball 1-0: Ball 2-0: Ball 3-0: Called Strike 3-1: SINGLE (Flyball, 34D, EV 84.4 MPH)
|
|
Batting: RHB Orlando Landa
|
0-0: Ground out 4-3 (Groundball, 34, EV 85.6 MPH)
|
| Bottom of the 2nd over - 0 runs, 1 hit, 0 errors, 1 left on base; Reno 0 - New Orleans 0 |
| TOP OF THE 3RD |
|
Reno Aces batting - Pitching for New Orleans Zephyrs : LHP Jeff Tavella
|
|
Batting: LHB Tommy King
|
0-0: Ground out 4-3 (Groundball, 4, EV 90.6 MPH)
|
|
Batting: LHB Rich Butler
|
0-0: Foul Ball, location: 2F 0-1: Ball 1-1: Called Strike 1-2: Strikes out swinging
|
|
Batting: RHB Dustin Clark
|
0-0: Ball 1-0: Foul Ball, location: 2F 1-1: Ball 2-1: Reached on error, E5 (Groundball, 56, EV 93.8 MPH)
|
|
Batting: RHB Yutaka Oki
|
0-0: Ball Dustin Clark is caught stealing 2nd base 2-4
|
| Top of the 3rd over - 0 runs, 0 hits, 1 error, 0 left on base; Reno 0 - New Orleans 0 |
| BOTTOM OF THE 3RD |
|
New Orleans Zephyrs batting - Pitching for Reno Aces : RHP Chad Pfeiffer
|
|
Batting: SHB Matt Moore
|
0-0: Ground out U3 (Groundball, 34S, EV 83.8 MPH)
|
|
Batting: RHB Harrie de Kam
|
0-0: Called Strike 0-1: Ball 1-1: Fly out, F8 (Flyball, 8LXD, EV 91.2 MPH)
|
|
Batting: RHB Boof Howell
|
0-0: Fly out, F3 (Line Drive, 3, EV 64.4 MPH)
|
| Bottom of the 3rd over - 0 runs, 0 hits, 0 errors, 0 left on base; Reno 0 - New Orleans 0 |
| TOP OF THE 4TH |
|
Reno Aces batting - Pitching for New Orleans Zephyrs : LHP Jeff Tavella
|
|
Batting: RHB Yutaka Oki
|
0-0: Called Strike 0-1: Called Strike 0-2: Strikes out swinging
|
|
Batting: RHB Justin Aslinger
|
0-0: Fly out, F8 (Flyball, 8RM, EV 91.2 MPH)
|
|
Batting: LHB Ian Jarvis
|
0-0: Foul Ball, location: 2F 0-1: Foul Ball, location: 2F 0-2: Ball 1-2: Foul Ball, location: 2F 1-2: Ball 2-2: Foul Ball, location: 2F 2-2: Ball 3-2: Ground out 6-3 (Groundball, 6, EV 84.4 MPH)
|
| Top of the 4th over - 0 runs, 0 hits, 0 errors, 0 left on base; Reno 0 - New Orleans 0 |
| BOTTOM OF THE 4TH |
|
New Orleans Zephyrs batting - Pitching for Reno Aces : RHP Chad Pfeiffer
|
|
Batting: SHB Ramon Martinez
|
0-0: Ball 1-0: Foul Ball, location: 2F 1-1: Foul Ball, location: 2F 1-2: Ground out 4-3 (Groundball, 4D, EV 103.8 MPH)
|
|
Batting: RHB Manuel Taveras
|
0-0: Ball 1-0: SINGLE (Flyball, 8LS, EV 86.9 MPH)
|
|
Batting: RHB Rick Fell
|
0-0: Swinging Strike 0-1: Foul Ball, location: 2F 0-2: Foul Ball, location: 2F 0-2: Fly out, F8 (Flyball, 8RM, EV 84.4 MPH)
|
|
Batting: RHB Isaiah Brockman
|
0-0: Called Strike 0-1: Ball 1-1: Ball 2-1: Swinging Strike 2-2: Foul Ball, location: 2F 2-2: Foul Ball, location: 2F 2-2: Strikes out swinging
|
| Bottom of the 4th over - 0 runs, 1 hit, 0 errors, 1 left on base; Reno 0 - New Orleans 0 |
| TOP OF THE 5TH |
|
Reno Aces batting - Pitching for New Orleans Zephyrs : LHP Jeff Tavella
|
|
Batting: SHB Gerardo Flores
|
0-0: Foul Ball, location: 2F 0-1: Ball 1-1: Ball 2-1: Ball 3-1: SINGLE (Line Drive, 9LS, EV 90.6 MPH)
|
|
Batting: RHB Danny Gerardo
|
0-0: Ball 1-0: Ball 2-0: Foul Ball, location: 2F 2-1: Ball 3-1: Base on Balls Gerardo Flores to second
|
|
Batting: LHB Soo-yeon Kym
|
0-0: Foul Ball, location: 2F 0-1: Ball 1-1: Foul Ball, location: 2F 1-2: Strikes out looking
|
|
Batting: LHB Tommy King
|
0-0: Ball 1-0: Called Strike 1-1: Foul Ball, location: 2F 1-2: Foul Ball, location: 2F 1-2: Ball 2-2: Ball 3-2: Strikes out swinging
|
|
Batting: LHB Rich Butler
|
0-0: Swinging Strike 0-1: Foul Ball, location: 2F 0-2: Ball 1-2: Ball 2-2: Strikes out swinging
|
| Top of the 5th over - 0 runs, 1 hit, 0 errors, 2 left on base; Reno 0 - New Orleans 0 |
| BOTTOM OF THE 5TH |
|
New Orleans Zephyrs batting - Pitching for Reno Aces : RHP Chad Pfeiffer
|
|
Batting: LHB David Doge
|
0-0: Called Strike 0-1: Fly out, F9 (Flyball, 89M, EV 78.8 MPH)
|
|
Batting: RHB Orlando Landa
|
0-0: Foul Ball, location: 2F 0-1: Called Strike 0-2: Ball 1-2: Strikes out looking
|
|
Batting: SHB Matt Moore
|
0-0: Ball 1-0: Foul Ball, location: 2F 1-1: Ball 2-1: Ball 3-1: Foul Ball, location: 2F 3-2: Base on Balls
|
|
Batting: RHB Harrie de Kam
|
0-0: Called Strike 0-1: Swinging Strike 0-2: Ground out 4-3 (Groundball, 34, EV 103.8 MPH)
|
| Bottom of the 5th over - 0 runs, 0 hits, 0 errors, 1 left on base; Reno 0 - New Orleans 0 |
| TOP OF THE 6TH |
|
Reno Aces batting - Pitching for New Orleans Zephyrs : LHP Jeff Tavella
|
|
Batting: RHB Dustin Clark
|
0-0: Ball 1-0: Ball 2-0: SINGLE (Line Drive, 9S, EV 106.2 MPH)
|
|
Batting: RHB Yutaka Oki
|
0-0: Grounds into double play, 5-4-3 (Groundball, 56, EV 88.8 MPH)
|
|
Batting: RHB Justin Aslinger
|
0-0: Called Strike 0-1: SINGLE (Groundball, 6S, EV 60.6 MPH) (infield hit)
|
|
Batting: LHB Ian Jarvis
|
0-0: Foul Ball, location: 2F 0-1: Called Strike 0-2: Ball Justin Aslinger is caught stealing 2nd base 2-6
|
| Top of the 6th over - 0 runs, 2 hits, 0 errors, 0 left on base; Reno 0 - New Orleans 0 |
| BOTTOM OF THE 6TH |
|
New Orleans Zephyrs batting - Pitching for Reno Aces : RHP Chad Pfeiffer
|
|
Batting: RHB Boof Howell
|
0-0: Swinging Strike 0-1: Ball 1-1: Ball 2-1: SINGLE (Groundball, 25, EV 73.1 MPH) (infield hit)
|
|
Batting: SHB Ramon Martinez
|
0-0: Called Strike 0-1: Called Strike 0-2: Foul Ball, location: 2F 0-2: Foul Ball, location: 2F 0-2: SINGLE (Line Drive, 3D, EV 97.5 MPH) Boof Howell to second Runner from 2nd tries for 3rd, OUT! 9-5
|
|
Batting: RHB Manuel Taveras
|
0-0: Ball 1-0: Called Strike Ramon Martinez is caught stealing 2nd base 2-4 1-1: Ball 2-1: Called Strike 2-2: Foul Ball, location: 2F 2-2: Ground out 5-3 (Groundball, 5, EV 89.4 MPH)
|
| Bottom of the 6th over - 0 runs, 2 hits, 0 errors, 0 left on base; Reno 0 - New Orleans 0 |
| TOP OF THE 7TH |
|
Reno Aces batting - Pitching for New Orleans Zephyrs : LHP Jeff Tavella
|
|
Batting: LHB Ian Jarvis
|
0-0: Ball 1-0: Ball 2-0: Called Strike 2-1: Ground out 4-3 (Groundball, 4, EV 104.4 MPH)
|
|
Batting: SHB Gerardo Flores
|
0-0: Foul Ball, location: 2F 0-1: Ball 1-1: Called Strike 1-2: Strikes out swinging
|
|
Batting: RHB Danny Gerardo
|
0-0: Ball 1-0: DOUBLE (Line Drive, 3D, EV 94.4 MPH)
|
|
Pitching: RHP Giampaolo Nobile
|
|
|
Batting: LHB Soo-yeon Kym
|
0-0: Swinging Strike 0-1: Ball 1-1: Foul Ball, location: 2F 1-2: Foul Ball, location: 2F 1-2: Fly out, F7 (Flyball, 7, EV 75.6 MPH)
|
| Top of the 7th over - 0 runs, 1 hit, 0 errors, 1 left on base; Reno 0 - New Orleans 0 |
| BOTTOM OF THE 7TH |
|
New Orleans Zephyrs batting - Pitching for Reno Aces : RHP Chad Pfeiffer
|
|
Batting: RHB Rick Fell
|
0-0: Ball 1-0: Ball 2-0: Ball 3-0: Base on Balls
|
|
Batting: RHB Isaiah Brockman
|
0-0: Fielders Choice at 2nd, 6-4 (Groundball, 6M, EV 102.5 MPH)
|
|
Batting: LHB David Doge
|
0-0: Ground out 5-3 (Groundball, 6S, EV 68.1 MPH) Isaiah Brockman to second
|
|
Batting: RHB Orlando Landa
|
0-0: Ball 1-0: Foul Ball, location: 2F 1-1: Fly out, F7 (Flyball, 78M, EV 83.8 MPH)
|
| Bottom of the 7th over - 0 runs, 0 hits, 0 errors, 1 left on base; Reno 0 - New Orleans 0 |
| TOP OF THE 8TH |
|
Reno Aces batting - Pitching for New Orleans Zephyrs : RHP Giampaolo Nobile
|
|
Batting: LHB Tommy King
|
0-0: Ball 1-0: Swinging Strike 1-1: Foul Ball, location: 2F 1-2: Foul Ball, location: 2F 1-2: Ground out 6-3 (Groundball, 6, EV 87.5 MPH)
|
|
Batting: LHB Rich Butler
|
0-0: Ball 1-0: Ball 2-0: Ball 3-0: Ground out 4-3 (Groundball, 34, EV 88.8 MPH)
|
|
Pinch Hitting: LHB Bobby Arevalo
|
0-0: Called Strike 0-1: SINGLE (Line Drive, 8RS, EV 93.8 MPH)
|
|
Batting: RHB Yutaka Oki
|
0-0: Called Strike Bobby Arevalo steals 2nd base (no throw) 0-1: Called Strike 0-2: Ball 1-2: TRIPLE (Line Drive, 8RXD, EV 103.8 MPH) Bobby Arevalo scores
|
|
Pinch Hitting: LHB Willie Gutierrez
|
0-0: Ball 1-0: Ball 2-0: Ball 3-0: Ground out U3 (Groundball, 3, EV 101.9 MPH)
|
| Top of the 8th over - 1 run, 2 hits, 0 errors, 1 left on base; Reno 1 - New Orleans 0 |
| BOTTOM OF THE 8TH |
|
New Orleans Zephyrs batting - Pitching for Reno Aces : RHP Chad Pfeiffer
|
|
Now at 3B: Franklin Villanueva
|
|
|
Now in LF: Willie Gutierrez
|
|
|
Batting: SHB Matt Moore
|
0-0: Foul Ball, location: 2F 0-1: Fly out, F5 (Popup, 5SF, EV 86.9 MPH)
|
|
Pinch Hitting: LHB Eric Bailey
|
0-0: Ball 1-0: Ball 2-0: Ball 3-0: Base on Balls
|
|
Batting: RHB Boof Howell
|
0-0: Called Strike 0-1: Fly out, F8 (Line Drive, 8RM, EV 92.5 MPH)
|
|
Batting: SHB Ramon Martinez
|
0-0: Called Strike 0-1: Foul Ball, location: 2F 0-2: Ball 1-2: Ground out 1-3 (Groundball, 34S, EV 67.5 MPH)
|
| Bottom of the 8th over - 0 runs, 0 hits, 0 errors, 1 left on base; Reno 1 - New Orleans 0 |
| TOP OF THE 9TH |
|
Reno Aces batting - Pitching for New Orleans Zephyrs : RHP Giampaolo Nobile
|
|
Pitching: RHP Chris Forster
|
|
|
Now in RF: Eric Bailey
|
|
|
Batting: LHB Ian Jarvis
|
0-0: Foul Ball, location: 2F 0-1: DOUBLE (Line Drive, 89XD, EV 105.6 MPH)
|
|
Batting: SHB Gerardo Flores
|
0-0: Intentional Walk
|
|
Batting: RHB Danny Gerardo
|
0-0: Ball 1-0: Called Strike 1-1: Ball 2-1: Foul Ball, location: 2F 2-2: Foul Ball, location: 2F 2-2: Ball 3-2: Foul Ball, location: 2F 3-2: Base on Balls Ian Jarvis to third Gerardo Flores to second
|
|
Batting: LHB Soo-yeon Kym
|
0-0: Ball 1-0: Called Strike 1-1: Ball 2-1: Called Strike 2-2: Foul Ball, location: 2F 2-2: Foul Ball, location: 2F 2-2: Foul Ball, location: 2F 2-2: Strikes out swinging
|
|
Batting: LHB Tommy King
|
0-0: Called Strike 0-1: Foul Ball, location: 2F 0-2: SINGLE (Groundball, 6M, EV 95.0 MPH) Ian Jarvis scores Gerardo Flores to third Danny Gerardo to second Runner from 3rd tries for Home, SAFE, throw by CF to home
|
|
Pitching: RHP Jeremy Akande
|
|
|
Batting: LHB Rich Butler
|
0-0: Ball 1-0: Called Strike 1-1: Foul Ball, location: 2F 1-2: Ball 2-2: Strikes out swinging
|
|
Batting: RHB Franklin Villanueva
|
0-0: Foul Ball, location: 2F 0-1: Foul Ball, location: 2F 0-2: Strikes out looking
|
| Top of the 9th over - 2 runs, 2 hits, 0 errors, 2 left on base; Reno 3 - New Orleans 0 |
| BOTTOM OF THE 9TH |
|
New Orleans Zephyrs batting - Pitching for Reno Aces : RHP Chad Pfeiffer
|
|
Pitching: RHP Mike Osgood
|
|
|
Batting: RHB Manuel Taveras
|
0-0: Foul Ball, location: 2F 0-1: Foul Ball, location: 2F 0-2: Ground out 5-3 (Groundball, 5D, EV 98.8 MPH)
|
|
Batting: RHB Rick Fell
|
0-0: Called Strike 0-1: Foul Ball, location: 2F 0-2: Ball 1-2: Strikes out looking
|
|
Batting: RHB Isaiah Brockman
|
0-0: Ball 1-0: SINGLE (Groundball, 56D, EV 100.0 MPH)
|
|
Batting: LHB David Doge
|
0-0: Foul Ball, location: 2F 0-1: SINGLE (Line Drive, 4M, EV 112.5 MPH) Isaiah Brockman to second
|
|
Batting: RHB Orlando Landa
|
0-0: Ball 1-0: Ground out U3 (Groundball, 3L, EV 103.1 MPH)
|
| Bottom of the 9th over - 0 runs, 2 hits, 0 errors, 2 left on base; Reno 3 - New Orleans 0 |
|